 Dungeon Crawl Stone Soup version 0.28.0-43-g3370ac3207 (webtiles) character file.

Game seed: 16053601873990005589

636 issech the Cudgeller (level 7, -1/67 HPs)
             Began as a Troll Monk on Mar 14, 2022.
             Engulfed by a steam dragon's steam (3 damage)
             ... on level 5 of the Dungeon.
             The game lasted 00:14:08 (3420 turns).

issech the Cudgeller (Troll Monk)                   Turns: 3420, Time: 00:14:09

Health: -1/67      AC:  5    Str: 20    XL:     7   Next: 25%
Magic:  6/6        EV: 11    Int: 12    God:
Gold:   97         SH:  0    Dex: 14    Spells: 6/6 levels left

rFire   . . .      SeeInvis .   z - +2 dire flail (holy)
rCold   . . .      Faith    +   (shield currently unavailable)
rNeg    . . .      Spirit   .   b - +0 robe
rPois   .          Reflect  .   l - +1 hat
rElec   .          Harm     .   (no cloak)
rCorr   .          Rampage  .   (gloves unavailable)
Will    .....                   (boots unavailable)
Stlth   ++........              y - amulet of faith
HPRegen 1.01/turn               C - +6 ring of intelligence
MPRegen 0.10/turn               (no ring)

@: no status effects
A: large, unfitting armour, claws 3, regeneration 1, shaggy fur 1, tough skin 1
a: no special abilities


You were on level 5 of the Dungeon.
You visited 1 branch of the dungeon, and saw 5 of its levels.

You collected 97 gold pieces.

Inventory:

Hand Weapons
 a - a +0 mace
 q - a +1 dagger of venom
 r - a +0 flail
 z - a +2 dire flail of holy wrath (weapon)
Missiles
 e - 65 arrows
 i - 7 poisoned darts
 j - 55 stones
 t - 2 boomerangs
 v - 18 sling bullets
 A - 4 large rocks (quivered)
Armour
 b - a +0 robe (worn)
 d - an orb of mayhem
 l - a +1 hat (worn)
Jewellery
 y - an amulet of faith (around neck)
 C - a +6 ring of intelligence (left claw)
Scrolls
 p - a scroll of blinking
 s - a scroll of noise
 u - a scroll of enchant weapon
 w - a scroll of vulnerability {unknown}
 E - a scroll of holy word {unknown}
Potions
 g - 2 potions of attraction {unknown}
 k - a potion of haste {unknown}
 o - 2 potions of curing {unknown}
 x - 2 potions of might {unknown}
 B - a potion of flight {unknown}
 D - a potion of berserk rage {unknown}


   Skills:
 + Level 3.5 Fighting
 + Level 5.7 Maces & Flails
 + Level 0.3 Throwing
 + Level 4.1 Dodging
 + Level 1.5 Stealth


You had 6 spell levels left.
You didn't know any spells.
Your spell library contained the following spells:

 Spells                   Type           Power      Damage    Failure   Level
 Apportation              Tloc           0%         N/A       32%         1
 Alistair's Intoxication  Tmut/Pois      0%         N/A       100%        5


Dungeon Overview and Level Annotations

Branches:
Dungeon (5/15)
 Temple: D:4-7

Altars:

Annotations:
D:3 1 runed translucent door, unlimited1921's ghost, amateur DsFE


Innate Abilities, Weirdness & Mutations

You are too large for most types of armour.
You have claws for hands.
Your natural rate of healing is unusually fast.
You are covered in fur. (AC +1)
You have tough skin. (AC +1)


Message History

You see here an iguana corpse.
The steam dragon breathes steam at you. The ball of steam hits you!
You puncture the steam dragon!
The steam dragon is moderately wounded.
You are engulfed in a cloud of scalding steam.
The steam dragon barely misses you. The steam dragon completely misses you.
The steam dragon barely misses you. x2
You sock the steam dragon!
The steam dragon is severely wounded.
You are engulfed in a cloud of scalding steam.
The steam dragon bites you. The steam dragon claws you.
You barely miss the steam dragon.
The steam dragon is severely wounded.
You are engulfed in a cloud of scalding steam.
The steam dragon misses you. The steam dragon claws you.
You closely miss the steam dragon.
The steam dragon is severely wounded.
The steam dragon breathes steam at you. The ball of steam hits you!
* * * LOW HITPOINT WARNING * * *
You barely miss the steam dragon.
The steam dragon is severely wounded.
You are engulfed in a cloud of scalding steam.
* * * LOW HITPOINT WARNING * * *
The steam dragon bites you.
* * * LOW HITPOINT WARNING * * *
The steam dragon claws you.
* * * LOW HITPOINT WARNING * * *
You barely miss the steam dragon.
The steam dragon is severely wounded.
You are engulfed in a cloud of scalding steam.
* * * LOW HITPOINT WARNING * * *
The steam dragon barely misses you.
The steam dragon claws you but does no damage.
Unknown command.
You closely miss the steam dragon.
The steam dragon is severely wounded.
You are engulfed in a cloud of scalding steam.
You die...

# #.#. ##.#.##########
≈≈ .#.....§@D......
#.≈# .....##§########
.#.≈# .......†# .....
........# ....#Y
.....#..# #..≈...
##......#######..≈≈≈..
#........<....#
##.##.>......## #.
##.######.#


You could see a steam dragon (catching breath).

Vanquished Creatures
  Edmund (D:4)
  2 black bears (D:4)
  A scorpion (D:3)
  Blork the orc (D:4)
  3 iguanas
  A hound zombie (D:4)
  3 adders
  An adder skeleton (D:4)
  A worm (D:4)
  3 dart slugs
  2 orcs (D:3)
  8 endoplasms
  3 giant cockroaches
  13 goblins
  11 hobgoblins
  4 jackals (D:3)
  8 kobolds
  2 quokkas
  6 ball pythons
  4 bats
  3 frilled lizards
  9 rats
90 creatures vanquished.

Vanquished Creatures (others)
  A fungus (D:1)
  3 plants (D:1)
  2 withered plants (D:3)
6 creatures vanquished.

Grand Total: 96 creatures vanquished

Notes
Turn   | Place    | Note
-------+----------+-------------------------------------------
     0 | D:1      | issech the Troll Monk began the quest for the Orb.
     0 | D:1      | Reached XP level 1. HP: 22/22 MP: 0/0
    87 | D:1      | Reached XP level 2. HP: 29/29 MP: 1/1
   197 | D:1      | Reached skill level 3 in Maces & Flails
   440 | D:1      | Reached XP level 3. HP: 36/36 MP: 2/2
   463 | D:1      | Found a faded altar of an unknown god.
  1527 | D:2      | Reached XP level 4. HP: 44/44 MP: 3/3
  2234 | D:3      | Found a runed translucent door.
  2239 | D:3      | Noticed unlimited1921's ghost (amateur DsFE)
  2319 | D:3      | Noticed a scorpion
  2341 | D:3      | Killed a scorpion
  2342 | D:3      | Reached skill level 4 in Maces & Flails
  2342 | D:3      | Reached XP level 5. HP: 43/53 MP: 4/4
  2469 | D:4      | Noticed a black bear
  2480 | D:4      | Killed a black bear
  2730 | D:4      | Noticed a black bear
  2738 | D:4      | Killed a black bear
  2739 | D:4      | Reached XP level 6. HP: 47/61 MP: 5/5
  2741 | D:4      | Noticed Edmund
  2937 | D:4      | Killed Edmund
  2938 | D:4      | Reached skill level 5 in Maces & Flails
  2996 | D:4      | Noticed Blork the orc
  3021 | D:4      | Reached XP level 7. HP: 64/67 MP: 6/6
  3025 | D:4      | Killed Blork the orc
  3384 | D:5      | Entered Level 5 of the Dungeon
  3404 | D:5      | Noticed a steam dragon
  3419 | D:5      | HP: 1/67 [steam dragon] (7)]
  3420 | D:5      | Engulfed by a steam dragon's steam

Illustrated notes

Levels and vault maps discovered:
D:1:      nicolae_arrival_somewhat_less_tricky_arrival, layout_rooms,
          shapermc_ecumenical_altar_acropolis, minmay_pentomino_u2
D:2:      layout_basic, kennysheep_generic_room_6
D:3:      layout_loops_ring, gammafunk_ghost_grave
D:4:      layout_basic, uniq_edmund, uniq_blork_the_orc
D:5:      layout_loops_ring, minmay_temple_entry_wispy, serial_rivers,
          chequers_serial_rivers_room_a, chequers_serial_rivers_micro_c,
          chequers_serial_rivers_marsh, chequers_serial_rivers_small_b,
          chequers_serial_rivers_micro_d, chequers_serial_rivers_large_b

Skill      XL: |  1  2  3  4  5  6 |
---------------+-------------------+-----
Maces & Flails | 3 4 5 |  5.7
Dodging        | 3 4 |  4.1
Fighting       | 3 |  3.5
Throwing       | |  0.3
Stealth        | |  1.5

Action                   |  1- 3 |  4- 6 |  7- 9 || total
-------------------------+-------+-------+-------++-------
Melee: Mace              |   165 |    21 |       ||   186
       Flail             |       |   110 |       ||   110
       Punch             |       |     2 |       ||     2
       Dire flail        |       |     3 |    24 ||    27
Throw: Dart              |       |     4 |       ||     4
  Use: Scroll            |       |       |     7 ||     7
 Stab: Sleeping          |     3 |     2 |       ||     5
Armor: Robe              |    76 |    38 |     4 ||   118
Dodge: Dodged            |   118 |    77 |    13 ||   208
